[Event "Live Chess"]
[Site "Chess.com"]
[Date "2023.05.20"]
[Round "-"]
[White "flyingpuffins"]
[Black "JackRudd"]
[Result "0-1"]
[WhiteElo "1958"]
[BlackElo "2462"]
[TimeControl "300"]
[EndTime "12:41:10 PDT"]
[Termination "JackRudd won by resignation"]

1. e4 c5 2. Nf3 d6 3. d4 cxd4 4. Nxd4 Nf6 5. Nc3 a6 6. Bc4 e6 7.
Bb3 b5 8. Bg5 Bb7 9. O-O Be7 10.
Bxe6 fxe6 11. Nxe6 Qd7 12. Nxg7+ Kf7 13. Nf5 Nc6 14.
Bxf6 Bxf6 15. Qh5+ Kf8 16. Nd5 Bxb2 17. Rab1 Be5 18. Nb6 Qe6 19. Nxa8 Bxa8 20. Qh6+ Qxh6 21. Nxh6 Nd4 22. c4 Bxe4 23. Rbe1 Bd3 24. Rxe5 dxe5 25.
Re1 Ne2+ 26. Kh1 bxc4 27. Ng4 Kg7 28. Nxe5 Re8 29. Nf3 c3 0-1

[Event "Live Chess"]
[Site "Chess.com"]
[Date "2023.05.20"]
[Round "-"]
[White "Enhard"]
[Black "McSlash1"]
[Result "0-1"]
[WhiteElo "1453"]
[BlackElo "2056"]
[TimeControl "300"]
[EndTime "12:41:13 PDT"]
[Termination "McSlash1 won by resignation"]

1. d4 Nf6 2. Bf4 g6 3. e3 Bg7 4. Nf3 O-O 5. h3 d5 6. c3 c5 7. Be2 Ne4 8. Nbd2 Nc6 9. O-O Nxd2 10. Nxd2 e5 11. dxe5 Bxe5 12. Bxe5 Nxe5 13. Nf3 Nc6 14. Nd2 Bf5 15. Bg4 Qd7 16. Re1 h5 17. Bxf5 Qxf5 18. Nf3 Rad8 19. Qb1 Qf6 20. Qc1 Rfe8 21. Qc2 Ne5 22.
Nxe5 Qxe5 23. Rad1 Kg7 24. Qa4 a6 25. Qb3 Re7 26. a4 Qe6 27. Qc2 Qc6 28. Qb3 f5 29. Rd2 f4 30. Red1 c4 31. Qc2 fxe3 32. fxe3 Rxe3 33. Kh1 Rde8 34. Rxd5 Re1+ 35. Kh2 Qc7+ 36. Rd6 Rxd1 37. Qxd1 Re6 38. Qd4+ Kh7 39. g3 Qxd6 0-1

[Event "Live Chess"]
[Site "Chess.com"]
[Date "2023.05.20"]
[Round "-"]
[White "chessfiction"]
[Black "Stanbad1"]
[Result "1-0"]
[WhiteElo "2418"]
[BlackElo "2417"]
[TimeControl "300"]
[EndTime "12:41:19 PDT"]
[Termination "chessfiction won by resignation"]

1. e4 e6 2. d4 d5 3. Nc3 Nf6 4. e5 Nfd7 5. Nce2 c5 6. c3 Nc6 7. f4 a6 8. Nf3 b5 9. h4 c4 10. h5 h6 11. g4 a5 12. Bh3 Nb6 13. O-O b4 14. Ng3 a4 15. f5 b3 16. Qe2 a3 17.
axb3 cxb3 18. bxa3 Nc4 19. g5 hxg5 20. Nxg5 Qb6 21.
fxe6 fxe6 22. Bxe6 b2 23. Bf7+ Kd8 24. Bxb2 Nxb2 25.
Bxd5 Bxa3 26. Nf7+ Kc7 27. Nxh8 Ba6 28. Rf7+ Kc8 29.
Qg4+ Kb8 30. Rxa3 Nxd4 31. Qxd4 1-0

[Event "Live Chess"]
[Site "Chess.com"]
[Date "2023.05.20"]
[Round "-"]
[White "gmnorfolk"]
[Black "EdenHazard8"]
[Result "0-1"]
[WhiteElo "2039"]
[BlackElo "2096"]
[TimeControl "300"]
[EndTime "12:41:21 PDT"]
[Termination "EdenHazard8 won by resignation"]

1. d4 d5 2. Nf3 Nf6 3. c4 e6 4. g3 dxc4 5. Bg2 Bb4+ 6. Bd2 a5 7. O-O O-O 8. Qc2 b5 9. a4 Bxd2 10. Nbxd2 c6 11. Ne5 Nd5 12. b3 c3 13. Ne4 b4 14.
Nc5 Na6 15. Nxa6 Bxa6 16. Nxc6 Qc7 17. Ne5 Rfd8 18. Rfd1 Rac8 19. e4 Nf6 20. f3 Qb6 21.
Qf2 Nd7 22. Nxd7 Rxd7 23. d5 Qxf2+ 24. Kxf2 exd5 25. exd5 Rcd8 26. f4 g6 27. Ke3 Bb7 28.
Bf3 Bxd5 29. Bxd5 Rxd5 30. Rd4 Rxd4 0-1

[Event "Live Chess"]
[Site "Chess.com"]
[Date "2023.05.20"]
[Round "-"]
[White "NatashaRegan"]
[Black "DenDenTie"]
[Result "1-0"]
[WhiteElo "1813"]
[BlackElo "689"]
[TimeControl "300"]
[EndTime "12:41:27 PDT"]
[Termination "NatashaRegan won by resignation"]

1. e4 e5 2. Nf3 Nc6 3. Bb5 Nf6 4. d3 d6 5. Nc3 Bg4 6. h3 Bxf3 7. Qxf3 g6 8. Bg5 Be7 9. O-O a6 10. Ba4 O-O 11. Bxf6 Bxf6 12. Nd5 Be7 13. c3 b5 14. Bc2 Nb8 15. d4 c6 16. Ne3 Nd7 17. Rad1 Nb6 18. dxe5 Qc7 19. exd6 Bxd6 20. Ng4 Qd8 21. e5 Qe7 22.
exd6 Qg5 23. Nf6+ Kh8 24. Ne4 Qd8 25. Qf6+ Qxf6 26. Nxf6 Rad8 27. Rfe1 Nd7 28. Nxd7 Rxd7 29. Re7 Rfd8 30. Rxd7 Rxd7 31. Be4 c5 32. Bc6 Rd8 33. d7 Kg8 34. Re1 Kf8 35. Re8+ Rxe8 36. dxe8=Q+ 1-0

[Event "Live Chess"]
[Site "Chess.com"]
[Date "2023.05.20"]
[Round "-"]
[White "Chesscoach_Golichenko"]
[Black "GEMdzq"]
[Result "0-1"]
[WhiteElo "2634"]
[BlackElo "2298"]
[TimeControl "300"]
[EndTime "12:41:32 PDT"]
[Termination "GEMdzq won by resignation"]

1. d4 Nf6 2. c4 e6 3. Nc3 c5 4. d5 exd5 5. cxd5 d6 6. Nf3 g6 7. g3 Bg7 8. Bg2 O-O 9. O-O Re8 10.
Nd2 Nbd7 11. h3 Rb8 12. a4 a6 13. Nc4 Nb6 14. Na3 Nbd7 15. e4 Qa5 16. Nc4 Qc7 17. a5 b5 18. axb6 Nxb6 19. Na5 Nbd7 20. f4 Bb7 21. Re1 Ba8 22. Nc4 Nh5 23. g4 Rb4 24.
Qd3 Nhf6 25. Rxa6 Nb6 26. Nxb6 Rxb6 27. e5 c4 28. Qf1 Rxa6 29. exf6 Rxe1 30. Qxe1 Bxf6 31.
Qe8+ Kg7 32. Ne4 Bd4+ 33. Kh2 Bxd5 34. Nf6 Bxf6 35. Bxd5 Ra5 36. Bf3 Ra1 37. g5 Bxg5 38. Be3 Bf6 39. f5 d5+ 40. Kg2 d4 41. Bd2 c3 0-1

[Event "Live Chess"]
[Site "Chess.com"]
[Date "2023.05.20"]
[Round "-"]
[White "Olisingapore"]
[Black "JoshMcK"]
[Result "1-0"]
[WhiteElo "1901"]
[BlackElo "1566"]
[TimeControl "300"]
[EndTime "12:41:36 PDT"]
[Termination "Olisingapore won by checkmate"]

1. d4 Nf6 2. c4 g6 3. g3 Bg7 4.
Bg2 d6 5. Nc3 O-O 6. Nf3 Nbd7 7.
O-O e5 8. e4 exd4 9. Nxd4 Nb6 10. b3 c5 11. Nf3 Nxe4 12. Nxe4 Bxa1 13. Bg5 f6 14. Bh6 Re8 15. Nxd6 Be5 16. Nxe8 Qxe8 17. Nxe5 Qxe5 18. Re1 Qc7 19. Bd5+ Nxd5 20. Qxd5+ Kh8 21. Re8# 1-0

[Event "Live Chess"]
[Site "Chess.com"]
[Date "2023.05.20"]
[Round "-"]
[White "john_chandler"]
[Black "Pablo_dmp"]
[Result "0-1"]
[WhiteElo "804"]
[BlackElo "1864"]
[TimeControl "300"]
[EndTime "12:41:42 PDT"]
[Termination "Pablo_dmp won on time"]

1. c4 Nf6 2. Nc3 e6 3. e4 d5 4. e5 Nfd7 5. d3 Nxe5 6. Bf4 Ng6 7.
Bg3 h5 8. h4 Bd6 9. f4 Bxf4 10.
Bh2 Bxh2 11. Rxh2 Qd6 12. Qa4+ Bd7 13. Qa3 Qxh2 14. Nf3 Qg3+ 15. Kd2 dxc4 16. Qc5 cxd3 17. Ne4 Qf4+ 18. Kxd3 Nc6 19. Be2 O-O-O 20. b4 Be8+ 0-1

[Event "Live Chess"]
[Site "Chess.com"]
[Date "2023.05.20"]
[Round "-"]
[White "Greenbecker"]
[Black "FlyingChessKestrel13"]
[Result "0-1"]
[WhiteElo "1631"]
[BlackElo "2126"]
[TimeControl "300"]
[EndTime "12:41:47 PDT"]
[Termination "FlyingChessKestrel13 won on time"]

1. e4 Nc6 2. d4 e5 3. d5 Nce7 4. Nf3 Ng6 5. Nc3 d6 6. Bb5+ Bd7 7. Bxd7+ Qxd7 8. O-O N8e7 9. Be3 f5 10. exf5 Nxf5 11. Ng5 Be7 12. Ne6 Nf8 13. Nxf8 Rxf8 14. Qh5+ Rf7 15.
Qxh7 O-O-O 16. Qh3 Rdf8 17. Bxa7 g5 18. Qd3 Rh8 19. Be3 Rfh7 20. Rfe1 Rxh2 21. Kf1 Nh4 22. Qb5 Nxg2 23. Qxd7+ Kxd7 24. Red1 Nxe3+ 25. fxe3 Rxc2 26. Kg1 Rhh2 27. Rac1 Rxb2 28. Nb5 Rxb5 29. Kxh2 Rb2+ 30. Kg3 Rxa2 31. Kg4 Ra4+ 32. Kf5 g4 33. e4 g3 34. Rg1 Ra3 35. Rg2 Re3 36. Rcg1 Bh4 37. Rb1 b6 38.
Rh1 Rf3+ 39. Kg6 Rf4 40. Re2 Rf2 41. Rxf2 gxf2 42. Rf1 Bg3 43. Kh5 c6 44. dxc6+ Kxc6 45. Kg4 Bf4 46. Rxf2 d5 47. exd5+ Kxd5 48. Kf3 b5 49. Ke2 Kc4 50. Kd1 b4 51. Kc2 Be3 52. Re2 Bd4 53. Re4 b3+ 54. Kb1 Kd3 55. Re1 e4 56. Rd1+ Kc3 57. Rc1+ Kd2 58. Rh1 e3 59. Rd1+ Kc3 60. Rc1+ Kd3 61. Rd1+ Ke4 62. Re1 b2 63.
Re2 Kf3 64. Re1 Kf2 65. Rh1 e2 66. Rh2+ Ke1 67. Rh1+ Kd2 68. Rh2 Kd1 69. Rh1+ e1=Q 70.
Rxe1+ Kxe1 71. Kc2 Ke2 72. Kb1 Kd2 73. Ka2 Kc1 0-1

[Event "Live Chess"]
[Site "Chess.com"]
[Date "2023.05.20"]
[Round "-"]
[White "Delacorta"]
[Black "Ocelot32"]
[Result "1-0"]
[WhiteElo "1450"]
[BlackElo "1374"]
[TimeControl "300"]
[EndTime "12:41:54 PDT"]
[Termination "Delacorta won by resignation"]

1. d4 Nf6 2. Nf3 d5 3. e3 Bf5 4. Bd3 Bxd3 5. cxd3 e6 6. b3 Bb4+ 7. Nbd2 O-O 8. O-O Nbd7 9. Bb2 Bd6 10. Ne5 c6 11. f4 Ne8 12. Qh5 f6 13. Nxd7 Qxd7 14. Rf3 Qf7 15. Rh3 Qxh5 16. Rxh5 f5 17.
Nf3 Nf6 18. Rh4 Ng4 19. Ne5 Bxe5 20. dxe5 Nxe3 21. Rc1 Ng4 22. Ba3 Rfe8 23. Rh3 Rac8 24. d4 b6 25. Rhc3 c5 26. dxc5 bxc5 27. Rxc5 Rc7 1-0

[Event "Live Chess"]
[Site "Chess.com"]
[Date "2023.05.20"]
[Round "-"]
[White "JohanKjeldahl"]
[Black "OleksiyJr1"]
[Result "1-0"]
[WhiteElo "1796"]
[BlackElo "942"]
[TimeControl "300"]
[EndTime "12:41:54 PDT"]
[Termination "JohanKjeldahl won by resignation"]

1. e4 c5 2. Nf3 d6 3. d4 e5 4.
dxe5 dxe5 5. Qxd8+ Kxd8 6. Nxe5 Nf6 7. Nxf7+ Ke8 8. Nxh8 Bd6 9. Bc4 Be6 10. Bxe6 Kf8 11. Nf7 1-0

[Event "Live Chess"]
[Site "Chess.com"]
[Date "2023.05.20"]
[Round "-"]
[White "Hacker_2009"]
[Black "1600x"]
[Result "1/2-1/2"]
[WhiteElo "1903"]
[BlackElo "1750"]
[TimeControl "300"]
[EndTime "12:42:02 PDT"]
[Termination "Game drawn by agreement"]

1. d4 Nf6 2. Nf3 d5 3. e3 Ne4 4. c4 e6 5. cxd5 exd5 6. Nc3 c6 7. Bd3 Na6 8. Nxe4 dxe4 9. Bxe4 Bb4+ 10. Bd2 O-O 11.
Bxb4 Nxb4 12. a3 Nd5 13. Bxd5 Qxd5 14. O-O Bg4 15. Qe2 Bxf3 16. Qxf3 Qxf3 17. gxf3 f6 18. Rfe1 g5 19. e4 Kh8 20. Rad1 Rae8 21. d5 cxd5 22. Rxd5 Rd8 23. Red1 Rxd5 24. Rxd5 Rf7 25. Kg2 Kg8 26. Kg3 Rc7 27. Kg4 b6 28. Kf5 Kf7 29. b4 Ke7 30. f4 gxf4 31. Kxf4 Rc2 32. Kg3 Rc3+ 33. f3 Rxa3 34. Rh5 a5 35. bxa5 bxa5 36. Rxh7+ Ke6 37.
Ra7 Ke5 38. h4 f5 1/2-1/2

[Event "Live Chess"]
[Site "Chess.com"]
[Date "2023.05.20"]
[Round "-"]
[White "OceanFloater"]
[Black "MrBlond89"]
[Result "0-1"]
[WhiteElo "981"]
[BlackElo "1315"]
[TimeControl "300"]
[EndTime "12:42:02 PDT"]
[Termination "MrBlond89 won by resignation"]

1. e4 e5 2. Nf3 Nc6 3. Bb5 f5 4. Bxc6 bxc6 5. Nxe5 Nf6 6. exf5 Bd6 7. Nf3 O-O 8. O-O Ng4 9. h3 Ne5 10. d4 Nxf3+ 11. Qxf3 Bb7 12. Nc3 Qh4 13. Bd2 Qxd4 14.
Rad1 Rf7 15. f6 Qxf6 16. Rfe1 Qxf3 17. gxf3 Rxf3 18. Kg2 Raf8 19. Ne4 c5 20. Nxd6 Rxf2+ 21. Kg1 Rg2+ 22. Kh1 cxd6 23. Rg1 Rxd2+ 24. Rg2 Rxd1+ 25.
Kh2 Bxg2 26. Kxg2 Rd2+ 27. Kg3 Rxc2 0-1

[Event "Live Chess"]
[Site "Chess.com"]
[Date "2023.05.20"]
[Round "-"]
[White "booktrunk"]
[Black "defenderalist"]
[Result "0-1"]
[WhiteElo "1301"]
[BlackElo "1592"]
[TimeControl "300"]
[EndTime "12:42:04 PDT"]
[Termination "defenderalist won by checkmate"]

1. d4 e6 2. c3 Nf6 3. Bf4 d5 4. e3 c5 5. Bb5+ Bd7 6. Bxd7+ Nbxd7 7. dxc5 Bxc5 8. Qa4 O-O 9. Ne2 a6 10. Nd4 e5 11. Bxe5 Nxe5 12. Ne2 Nd3+ 13. Kd2 Nxf2 14.
Rf1 N6e4+ 15. Kc2 Bxe3 16. Ng3 Nxg3 17. hxg3 Ba7 18. Nd2 b5 19. Qf4 Ne4 20. Nxe4 dxe4 21. Qxe4 Qg5 22. Rh1 h6 23. Raf1 Rad8 24. Qb7 Rd2+ 25.
Kb3 Qd5+ 26. Qxd5 Rxd5 27. c4 bxc4+ 28. Kxc4 Rc5+ 29. Kb4 Rb8+ 30. Ka3 Ra5# 0-1

[Event "Live Chess"]
[Site "Chess.com"]
[Date "2023.05.20"]
[Round "-"]
[White "LiamClery2020"]
[Black "omisoc"]
[Result "0-1"]
[WhiteElo "2077"]
[BlackElo "2201"]
[TimeControl "300"]
[EndTime "12:42:11 PDT"]
[Termination "omisoc won by resignation"]

1. e4 g6 2. d4 a6 3. Nc3 d6 4. Be3 b5 5. a3 Nd7 6. Qd2 Bg7 7. Nf3 Bb7 8. Bd3 c5 9. dxc5 Nxc5 10.
Bxc5 dxc5 11. Nd5 e6 12. Nc3 c4 13. Be2 Qxd2+ 14. Nxd2 Ne7 15. f3 Bxc3 16. bxc3 f5 17. a4 Kd7 18. O-O Nc8 19. Rfd1 Kc7 20. axb5 axb5 21.
Rxa8 Bxa8 22. Rb1 Bc6 23. Kf2 Nb6 24. exf5 exf5 25. f4 Na4 26. Bf3 Nxc3 27. Ra1 Rd8 28. Ra7+ Kb6 0-1

[Event "Live Chess"]
[Site "Chess.com"]
[Date "2023.05.20"]
[Round "-"]
[White "LaupMiths"]
[Black "JanMur7"]
[Result "0-1"]
[WhiteElo "1808"]
[BlackElo "1963"]
[TimeControl "300"]
[EndTime "12:42:33 PDT"]
[Termination "JanMur7 won on time"]

1. d4 Nf6 2. Nf3 e6 3. g3 Be7 4. Bg2 O-O 5. O-O c5 6. b3 Nc6 7. c4 cxd4 8. Nxd4 a6 9. Bb2 Rb8 10. Nd2 d5 11. Rc1 Nxd4 12. Bxd4 dxc4 13. Nxc4 b5 14. Ne5 Bb7 15. Nc6 Bxc6 16. Rxc6 Qa5 17. Qc2 Rfd8 18. Be5 Rb7 19. Rd1 Rxd1+ 20. Qxd1 Rd7 21.
Rc8+ Rd8 22. Qc2 h6 23. Bf3 Nd7 24. Rxd8+ Qxd8 25. Bd4 e5 26. Be3 Nf6 27. Qf5 Qd1+ 28. Kg2 Qd6 29. Qc8+ Kh7 30. Qc2+ g6 31. Qc6 Qxc6 32.
Bxc6 b4 33. Bb6 h5 34. Ba5 e4 35. Bb7 e3 36. f3 Bc5 37. Bxa6 Nd7 38. Bc7 Nf6 39.
Bc4 Ne8 40. Bf4 Nd6 41. Bxd6 Bxd6 42. f4 Bc5 43. Kf3 Kg7 44. Ke4 f5+ 45. Kd5 Bb6 46. Kc6 Bd4 47. Kb5 Bc3 48. Bd3 Bd2 49. Kc5 Kf6 50. Kd5 Kg7 51. Ke6 Bc3 52. h3 Bd2 53. g4 hxg4 54. hxg4 fxg4 55. Be4 g3 56. Bg2 Bc3 57. Bf3 Bf6 58. Kd5 Bd8 59. Kc4 Be7 60.
Kb5 Bd6 61. Kc6 Bxf4 62. Kb5 Bg5 63. Kc4 Be7 64. Kb5 Kf6 65. Kc4 Ke5 66. Kd3 Kf4 67. Kd4 g5 68. Kd3 g4 69. Bg2 Bf8 70. Kd4 Bg7+ 71. Kc4 Bh6 72. Kc5 Bg5 73. Kb5 Bf6 74.
Kxb4 Bg7 0-1

[Event "Live Chess"]
[Site "Chess.com"]
[Date "2023.05.20"]
[Round "-"]
[White "KuriyamaMiraiUA"]
[Black "blunderabit"]
[Result "0-1"]
[WhiteElo "689"]
[BlackElo "1889"]
[TimeControl "300"]
[EndTime "12:42:35 PDT"]
[Termination "blunderabit won by checkmate"]

1. d4 Nf6 2. c4 e6 3. Nc3 Bb4 4. e3 O-O 5. Bd3 d5 6. c5 c6 7. Ne2 e5 8. dxe5 Nfd7 9. O-O Nxe5 10. Bd2 Nxd3 11. Qc2 Bf5 12. Nd4 Bg6 13. a3 Bxc5 14. b4 Bd6 15. f3 Qh4 16. g3 Bxg3 17. hxg3 Qxg3+ 18. Kh1 Nf2+ 19. Rxf2 Bxc2 20. Raf1 Bd3 21.
Rg2 Qh3+ 22. Rh2 Qxf1# 0-1

[Event "Live Chess"]
[Site "Chess.com"]
[Date "2023.05.20"]
[Round "-"]
[White "Tushinskiy"]
[Black "Long1968"]
[Result "1-0"]
[WhiteElo "2093"]
[BlackElo "774"]
[TimeControl "300"]
[EndTime "12:42:37 PDT"]
[Termination "Tushinskiy won on time"]

1. d4 e6 2. c3 c5 3. Nf3 Nc6 4. Bf4 d5 5. e3 Nf6 6. Bd3 Qa5 7.
Nbd2 c4 8. Bc2 Bd7 9. O-O Be7 10.
Ne5 Nxe5 11. Bxe5 O-O 12. Bxf6 Bxf6 13. e4 dxe4 14. Nxe4 Be7 15. f4 Bc6 16. Ng3 b5 17. Qe2 Rac8 18. f5 exf5 19. Qxe7 Rce8 20. Qc5 Rc8 21. Qxf5 g6 22. Qg5 Rfe8 23. a3 Qc7 24. Rf6 Qe7 25. Raf1 Rf8 26. Nf5 Qe2 27. Nh6+ Kg7 28.
R6f2 Qh5 29. Rxf7+ Rxf7 30. Rxf7+ 1-0

[Event "Live Chess"]
[Site "Chess.com"]
[Date "2023.05.20"]
[Round "-"]
[White "mightysmasher"]
[Black "JoshMcK"]
[Result "1-0"]
[WhiteElo "2106"]
[BlackElo "1565"]
[TimeControl "300"]
[EndTime "12:43:11 PDT"]
[Termination "mightysmasher won by resignation"]

1. e4 c6 2. d4 d5 3. Nd2 dxe4 4.
Nxe4 Nf6 5. Nxf6+ exf6 6. c3 Bd6 7. Bd3 O-O 8. Ne2 Re8 9. O-O Bg4 10. Be3 Bxe2 11.
Qxe2 Bf4 12. Bxh7+ Kh8 13. Qh5 Bxe3 14. fxe3 Rxe3 15.
Bg6+ Kg8 16. Qh7+ Kf8 17. Qh8+ Ke7 18. Qxg7 Rxc3 1-0

[Event "Live Chess"]
[Site "Chess.com"]
[Date "2023.05.20"]
[Round "-"]
[White "Horseymobile"]
[Black "Richardallis"]
[Result "0-1"]
[WhiteElo "1190"]
[BlackElo "1765"]
[TimeControl "300"]
[EndTime "12:43:13 PDT"]
[Termination "Richardallis won on time"]

1. d4 c5 2. d5 d6 3. c4 e5 4.
e4 f5 5. Nc3 Nf6 6. Bd3 f4 7. g3 fxg3 8. hxg3 Be7 9. f4 Nbd7 10.
Bd2 O-O 11. Qc2 a6 12. Nf3 Ng4 13. Rf1 Bf6 14. O-O-O b5 15. Be2 b4 16. Na4 Qa5 17. Nh4 Nb6 18. Nxb6 Qxb6 19. Nf5 Bxf5 20. exf5 Nh6 21.
fxe5 Bxe5 22. Bxh6 gxh6 23. Qd2 Rf6 24. g4 Kh8 25. Rh1 Rg8 26. Rxh6 Qd8 27. Rdh1 Rxh6 28. Qxh6 Qg5+ 29. Qxg5 Rxg5 30. Rh6 Rxf5 31. gxf5 Bf4+ 32.
Kc2 Bxh6 33. Kd3 Bg7 34. b3 Be5 35. Bh5 Kg7 36. Be8 a5 37. Ke4 Kf6 38. Bh5 Kg5 39.
Bd1 h5 40. Bxh5 Kxh5 41. f6 Bxf6 42. Kf5 Be5 43. Ke6 Kg5 44. Kd7 Kf4 45. Kc6 Ke3 46. Kb5 Kd4 47. Kxa5 Kc3 48. Ka4 Kb2 0-1

[Event "Live Chess"]
[Site "Chess.com"]
[Date "2023.05.20"]
[Round "-"]
[White "BostonStrangler"]
[Black "kevinmilleruk"]
[Result "1-0"]
[WhiteElo "2073"]
[BlackElo "1120"]
[TimeControl "300"]
[EndTime "12:43:18 PDT"]
[Termination "BostonStrangler won by resignation"]

1. Nf3 g6 2. g3 Bg7 3. Bg2 e6 4. O-O Ne7 5. d4 O-O 6. c4 Nbc6 7. Nc3 d5 8. c5 e5 9. dxe5 Nxe5 10. Nxe5 Bxe5 11. Bh6 Bg7 12. Bxg7 Kxg7 13. Qd4+ f6 14.
e4 c6 15. exd5 cxd5 16. Rfe1 Nc6 17. Qxd5 Qxd5 18. Nxd5 Bf5 19. Ne7 Nxe7 20. Rxe7+ Kh6 21. Rxb7 a5 22. c6 a4 23. h3 a3 24. b4 Rac8 25. b5 Rfe8 26. g4 Be4 27. Re1 Bd3 28.
Rxe8 Rxe8 29. c7 Rc8 30. b6 f5 31. Rb8 Ba6 32. Rxc8 Bxc8 33. b7 Bxb7 34. Bxb7 fxg4 35. hxg4 g5 36. c8=Q 1-0

[Event "Live Chess"]
[Site "Chess.com"]
[Date "2023.05.20"]
[Round "-"]
[White "LL220284LL"]
[Black "AttackingSnowLeopard"]
[Result "1-0"]
[WhiteElo "2406"]
[BlackElo "2036"]
[TimeControl "300"]
[EndTime "12:43:26 PDT"]
[Termination "LL220284LL won on time"]

1. d4 d5 2. c4 c6 3. Nf3 Nf6 4. Nc3 dxc4 5. e4 b5 6. e5 Nd5 7. a4 e6 8. axb5 Nxc3 9. bxc3 cxb5 10. Be2 Bb7 11. O-O Be7 12. Nd2 Bd5 13. Bf3 Nc6 14.
Ne4 Qd7 15. Ba3 O-O 16. Bxe7 Nxe7 17. Nc5 Qc6 18. Be2 a5 19. f4 Bxg2 20. Rf2 Bd5 21. Qb1 Nf5 22. Bg4 g6 23. Bxf5 exf5 24. Kf1 Rfb8 25.
Rfa2 Be4 26. Qe1 Bd3+ 27. Kf2 b4 28. Rxa5 Rxa5 29. Rxa5 b3 30. e6 Be4 31. exf7+ Kxf7 32. Ra6 Qd5 33. Ra7+ Kg8 34. Nd7 Rf8 35. Nxf8 Kxf8 36. Qc1 Qd6 37. Ke3 Kg8 38. Qa1 g5 39. fxg5 Qxh2 40.
Ra8+ Bxa8 41. Qxa8+ Kg7 42. Qb7+ Kg6 43. Qc6+ Kxg5 44. Qxc4 f4+ 45. Ke4 Qg2+ 46. Ke5 f3 47.
Qg8+ Kh4 48. Qxh7+ Kg3 49. Qg6+ Kf2 50. Qb1 Qg3+ 51.
Kd5 Qg5+ 52. Kc4 Qd2 53. Qxb3 Kg2 54. Qb7 Qe2+ 55. Kb3 Qd1+ 56. Kb2 Qd2+ 57. Kb3 Qd1+ 58. Kc4 Qe2+ 59. Kc5 Kh2 60. Qh7+ Kg2 61. Qg6+ Kf1 62. d5 f2 63. d6 Qe3+ 64. Kc6 Ke1 65. Qb1+ Ke2 66.
d7 f1=Q 67. Qxf1+ Kxf1 68. d8=Q Qxc3+ 69. Kb7 Qb4+ 70. Kc8 Qa4 71. Qd3+ Kf2 72. Qd2+ Kf3 73. Qc3+ Kf2 74. Qc5+ Kf3 75. Qh5+ Kg3 76. Qg6+ Kf2 77. Qf6+ Kg2 78. Qg5+ Kh3 79. Qe3+ Kg2 80. Qd2+ Kh3 81. Qd3+ Kh2 82. Qe2+ Kg1 83. Qe3+ Kh2 84. Qd2+ Kg1 85. Qe1+ Kh2 86. Qf2+ Kh1 87. Qf1+ Kh2 88. Qe2+ Kh1 89. Qf3+ 1-0

[Event "Live Chess"]
[Site "Chess.com"]
[Date "2023.05.20"]
[Round "-"]
[White "Missedidea"]
[Black "Jonmill"]
[Result "0-1"]
[WhiteElo "1656"]
[BlackElo "1228"]
[TimeControl "300"]
[EndTime "12:43:49 PDT"]
[Termination "Jonmill won on time"]

1. d4 Nf6 2. c4 e5 3. dxe5 Ng4 4. Bf4 Bb4+ 5. Nd2 Nc6 6. Nf3 Qe7 7. a3 Ngxe5 8. Nxe5 Nxe5 9. Bxe5 Bxd2+ 10. Qxd2 Qxe5 11.
e3 d6 12. Be2 Bf5 13. O-O O-O 14. b4 Rad8 15. Bf3 Be4 16. Bxe4 Qxe4 17. Rac1 Rfe8 18. Rfd1 Re6 19. Qd4 Qf5 20. Qxa7 Rf6 21. Rd2 Re8 22. Qxb7 h5 23. Qc6 Re4 24. Qxc7 Rg4 25. Qb8+ Kh7 26.
Qb7 h4 27. b5 h3 28. g3 Qc5 29.
Qd5 Qxa3 30. Rcd1 Qc3 31. Qh5+ Kg8 32. Qxg4 Rg6 33. Qc8+ Kh7 34. Qxh3+ Kg8 0-1

[Event "Live Chess"]
[Site "Chess.com"]
[Date "2023.05.20"]
[Round "-"]
[White "xx_blindpuffin_xx"]
[Black "RoaringKnights"]
[Result "1-0"]
[WhiteElo "2215"]
[BlackElo "992"]
[TimeControl "300"]
[EndTime "12:43:50 PDT"]
[Termination "xx_blindpuffin_xx won by checkmate"]

1. d4 c6 2. Bf4 Qb6 3. b3 d5 4. e3 Bf5 5. Nf3 e6 6. Bd3 Bxd3 7.
Qxd3 Bb4+ 8. c3 Be7 9. O-O Nf6 10. Nbd2 Nbd7 11. h3 c5 12. c4 cxd4 13. exd4 dxc4 14. bxc4 O-O 15. Rab1 Qa6 16. Qb3 b6 17. Rfc1 Nh5 18.
Bh2 Nhf6 19. Qb5 Qxa2 20. Rb2 Qa5 21. Qxa5 bxa5 22. Rb5 Bb4 23. Nb3 Rab8 24. Bxb8 Nxb8 25.
Nxa5 Bxa5 26. Rxa5 Nc6 27. Ra6 Nb4 28. Rxa7 Rd8 29.
Rb1 Nc6 30. Ra6 Ne7 31. Rb7 Ng6 32. c5 h6 33. c6 Nd5 34. c7 Rc8 35. Rb8 Nxc7 36.
Rxc8+ Kh7 37. Rxc7 Nf4 38. Ne5 Ne2+ 39. Kf1 Nxd4 40. Rxf7 Nf5 41. g4 Nd4 42. Raa7 Nb5 43. Rxg7+ Kh8 44. Ng6# 1-0

[Event "Live Chess"]
[Site "Chess.com"]
[Date "2023.05.20"]
[Round "-"]
[White "omisoc"]
[Black "AdamOwls"]
[Result "1-0"]
[WhiteElo "2210"]
[BlackElo "1951"]
[TimeControl "300"]
[EndTime "12:43:55 PDT"]
[Termination "omisoc won by resignation"]

1. b3 d5 2. Bb2 Nf6 3. e3 c5 4.
Nf3 Nc6 5. c4 e6 6. g3 Be7 7.
Bg2 O-O 8. O-O a6 9. Qe2 b6 10. d3 Bb7 11. Nbd2 Qc7 12. Rac1 dxc4 13. Nxc4 b5 14.
Nce5 Nxe5 15. Nxe5 Bd6 16. f4 Bxg2 17. Kxg2 Rac8 18. Qf3 Qd7 19. Nxd7 1-0

[Event "Live Chess"]
[Site "Chess.com"]
[Date "2023.05.20"]
[Round "-"]
[White "lateforthesky"]
[Black "boilerboy1"]
[Result "1-0"]
[WhiteElo "2090"]
[BlackElo "1050"]
[TimeControl "300"]
[EndTime "12:43:58 PDT"]
[Termination "lateforthesky won on time"]

1. e4 e5 2. Nf3 d6 3. Nc3 c6 4.
Bc4 Be7 5. a4 Nd7 6. d3 Ngf6 7. O-O O-O 8. h3 Nh5 9. d4 exd4 10.
Nxd4 Ndf6 11. g4 Nxg4 12. hxg4 Nf6 13. f3 d5 14. exd5 cxd5 15. Be2 Bc5 16. Kg2 a6 17.
Bg5 Qd6 18. Qd2 Qb6 19. Nb3 Bb4 20. a5 Qd6 21. Qd4 Be6 22. Bxf6 gxf6 23. Qxf6 Qe7 24. Qxe7 Bxe7 25. Nd4 Kh8 26. Nxe6 fxe6 27. Na4 Bf6 28. c3 d4 29. Rad1 dxc3 30. Nxc3 Rac8 31. Rd7 Rc5 32. Rh1 Rxa5 33. Rhxh7+ Kg8 34. Rxb7 Rc5 35. Rhc7 Rxc7 36. Rxc7 a5 37. Bc4 Re8 38. Ra7 Re7 39. Rxe7 Bxe7 40.
Bxe6+ Kg7 41. f4 Bb4 42. Kf3 Kf6 43. Bb3 Ke7 44. Nd5+ 1-0

[Event "Live Chess"]
[Site "Chess.com"]
[Date "2023.05.20"]
[Round "-"]
[White "smoggyrabbit"]
[Black "tuppyglossop"]
[Result "1-0"]
[WhiteElo "1668"]
[BlackElo "1591"]
[TimeControl "300"]
[EndTime "12:44:02 PDT"]
[Termination "smoggyrabbit won by checkmate"]

1. d4 d5 2. Nf3 e6 3. e3 Nf6 4. Bd3 c5 5. b3 Nc6 6. Bb2 b6 7. O-O Bb7 8. a3 cxd4 9. exd4 Bd6 10. Nbd2 O-O 11. Ne5 Qc7 12. f4 Rac8 13. Rf3 Bxe5 14.
fxe5 Ne8 15. Bxh7+ Kxh7 16. Rh3+ Kg8 17. Qh5 f5 18. Nf3 Na5 19. Ng5 Qe7 20. Qh7# 1-0

[Event "Live Chess"]
[Site "Chess.com"]
[Date "2023.05.20"]
[Round "-"]
[White "yarek"]
[Black "Jo1ts"]
[Result "1-0"]
[WhiteElo "1890"]
[BlackElo "741"]
[TimeControl "300"]
[EndTime "12:44:09 PDT"]
[Termination "yarek won by checkmate"]

1. e4 d5 2. Nf3 dxe4 3. Ng5 Nf6 4. Bc4 Bg4 5. Bxf7+ Kd7 6. f3 Bh5 7. Bxh5 Nxh5 8.
Nf7 Qe8 9. Nxh8 g6 10. O-O Bg7 11. fxe4 Qxh8 12. Qg4+ Kd8 13. d3 Bxb2 14. Bxb2 Qxb2 15. Rf8# 1-0

[Event "Live Chess"]
[Site "Chess.com"]
[Date "2023.05.20"]
[Round "-"]
[White "f4nomore"]
[Black "Woodpusher500"]
[Result "0-1"]
[WhiteElo "1360"]
[BlackElo "1343"]
[TimeControl "300"]
[EndTime "12:44:13 PDT"]
[Termination "Woodpusher500 won by checkmate"]

1. d4 c5 2. dxc5 Nf6 3. e3 e6 4. b4 a5 5. c3 Nd5 6. Nf3 axb4 7. c4 Nb6 8. Bd3 Na4 9. O-O Qf6 10. Nd4 e5 11. Nb5 Nxc5 12. Nc7+ Kd8 13. Nxa8 e4 14. Be2 Qxa1 15. Nb6 Qxb1 16. a3 Qa2 17. axb4 Nd3 18. Bxd3 exd3 19. Qxd3 Bxb4 20. Qf5 f6 21. Nd5 Qxc4 22.
Nxb4 d6 23. Qa5+ Ke8 24. Bd2 Nc6 25. Nxc6 bxc6 26. Rc1 Qe4 27. Rxc6 Qxc6 28. h3 Qc2 29. Kh2 Kf7 30. Qc7+ Qxc7 31. Bc3 Re8 32. Bd4 d5+ 33. g3 Bf5 34. h4 Ra8 35. f3 Ra2+ 36. Kg1 Qc1# 0-1